 Dungeon Crawl Stone Soup version 0.29-a0-275-g389c0b56f3 (webtiles) character file.

Game seed: 15171238233277873306

72 Morbidden the Conjurer (level 4, -1/40 HPs)
             Began as a Troll Conjurer on Mar 11, 2022.
             Slain by Grinder (4 damage)
             ... while paralysed by Grinder
             ... on level 3 of the Dungeon.
             The game lasted 00:01:27 (1966 turns).

Morbidden the Conjurer (Troll Conjurer)             Turns: 1966, Time: 00:01:28

Health: -1/40      AC:  4    Str: 15    XL:     4   Next: 7%
Magic:  5/5        EV:  1    Int: 16    God:
Gold:   210        SH:  0    Dex:  8    Spells: 3/6 levels left

rFire   . . .      SeeInvis .     - Unarmed
rCold   . . .      Faith    .   e - orb {*Rage}
rNeg    . . .      Spirit   .   a - +0 robe
rPois   .          Reflect  .   (helmet restricted)
rElec   .          Harm     .   (no cloak)
rCorr   .          Rampage  .   (gloves unavailable)
Will    .....      Rage     20% (boots unavailable)
Stlth   +.........              (no amulet)
HPRegen 0.93/turn               (no ring)
MPRegen 0.09/turn               (no ring)

@: paralysed, on berserk cooldown, slowed
A: large, unfitting armour, claws 3, regeneration 1, shaggy fur 1, tough skin 1
a: no special abilities


You were on level 3 of the Dungeon.
You visited 1 branch of the dungeon, and saw 3 of its levels.

You collected 210 gold pieces.

Inventory:

Armour
 a - a +0 robe (worn)
 e - an orb of wrath (worn)
Jewellery
 p - a +6 ring of strength
Scrolls
 c - 2 scrolls of magic mapping {unknown}
 g - 2 scrolls of immolation
 h - 2 scrolls of identify {unknown}
 j - a scroll of fear {unknown}
 n - a scroll of teleportation {unknown}
Potions
 b - a potion of magic
 d - a potion of degeneration {unknown}
 f - a potion of curing {unknown}
 i - a potion of invisibility {unknown}
 k - a potion of brilliance {unknown}
 l - a potion of lignification {unknown}
 m - a potion of heal wounds {unknown}
 o - a potion of haste {unknown}


   Skills:
 * Level 0.8 Fighting
 * Level 1.7 Dodging
 + Level 1.0 Stealth
 * Level 1.4 Unarmed Combat
 * Level 1.6 Spellcasting
 + Level 3.4 Conjurations


You had 3 spell levels left.
You knew the following spells:

 Your Spells              Type           Power      Damage    Failure   Level
a - Magic Dart            Conj           48%        1d5       5%          1
b - Searing Ray           Conj           24%        2d5       8%          2

Your spell library contained the following spells:

 Spells                   Type           Power      Damage    Failure   Level
 Dazzling Flash           Conj/Hex       12%        N/A       32%         3
 Fulminant Prism          Conj/Hex       3%         3d6       71%         4
 Iskenderun's Mystic Bla  Conj/Tloc      6%         2d4       71%         4


Dungeon Overview and Level Annotations

Branches:
Dungeon (3/15)

Altars:

Annotations:
D:3 Grinder


Innate Abilities, Weirdness & Mutations

You are too large for most types of armour.
You have claws for hands.
Your natural rate of healing is unusually fast.
You are covered in fur. (AC +1)
You have tough skin. (AC +1)


Message History

A red film seems to cover your vision as you go berserk!
You feel yourself moving faster!
You feel mighty!
You claw the hobgoblin!
You kill the hobgoblin!
Grinder comes into view.
Found 14 gold pieces.
You feel a strong urge to attack something.
Grinder blinks!
No target in view!
No target in view!
No target in view!
No target in view!
No target in view!
No target in view!
You feel your anger nearly subside.
You are no longer berserk.
You are exhausted.
You feel yourself slow down.
Grinder blinks!
Grinder gestures at you. Pain shoots through your body! Grinder hits you.
You writhe in agony.
Grinder hits you but does no damage.
You barely miss Grinder. Grinder gestures at you.
Pain shoots through your body!
You are too injured to fight recklessly!
You are too injured to fight recklessly!
You are too injured to fight recklessly!
You are too injured to fight recklessly!
You are too injured to fight recklessly!
You closely miss Grinder. Grinder closely misses you. Grinder gestures at you.
You suddenly lose the ability to move!
Grinder hits you but does no damage. Grinder gestures at you.
Pain shoots through your body!
* * * LOW HITPOINT WARNING * * *
Grinder hits you.
* * * LOW HITPOINT WARNING * * *
You writhe in agony.
You die...

#..(.#......##.......#.....
#....#......##.......†.....#
+..>........................
##...##########..............
............# ####...........
######......# #.....####.#
#...........# ###.....# #
............####.....###
#######.#####..5@..$.# ....
.##...........# #...
.##...........#
.##...........#
........#.....#
........#####.# ..#### .# ..
.#


You could see Grinder.

Vanquished Creatures
  2 adders (D:2)
  A worm (D:2)
  3 dart slugs
  3 ball pythons
  8 endoplasms
  A giant cockroach (D:1)
  3 goblins
  4 hobgoblins
  4 jackals (D:1)
  A quokka (D:1)
  4 bats
  4 frilled lizards
  3 rats (D:2)
41 creatures vanquished.

Vanquished Creatures (others)
  12 fungi (D:2)
  19 plants (D:3)
  3 toadstools (D:2)
34 creatures vanquished.

Grand Total: 75 creatures vanquished

Notes
Turn   | Place    | Note
-------+----------+-------------------------------------------
     0 | D:1      | Morbidden the Troll Conjurer began the quest for the Orb.
     0 | D:1      | Reached XP level 1. HP: 16/16 MP: 1/1
   116 | D:1      | Reached skill level 3 in Conjurations
   172 | D:1      | Reached XP level 2. HP: 24/24 MP: 3/3
   627 | D:1      | Learned a level 2 spell: Searing Ray
   989 | D:2      | Reached XP level 3. HP: 31/31 MP: 4/4
  1067 | D:2      | Reached skill level 1 in Unarmed Combat
  1484 | D:2      | Found a faded altar of an unknown god.
  1708 | D:2      | Reached XP level 4. HP: 40/40 MP: 1/5
  1952 | D:3      | Noticed Grinder
  1963 | D:3      | Paralysed by Grinder for 6 turns
  1966 | D:3      | Slain by Grinder

Illustrated notes

Levels and vault maps discovered:
D:1:      wheals_arrival_linesprint, layout_loops_ring
D:2:      layout_basic, hellmonk_ecumenical_altar_blasted,
          minmay_gold_behind_fungi, minmay_three_crescents
D:3:      layout_basic, slow_altar_1, serial_bayou_lagoon_a, uniq_robin,
          uniq_grinder, uniq_terence

Skill      XL: |  1  2  3 |
---------------+----------+-----
Conjurations   | 3 |  3.4
Unarmed Combat | 1 |  1.4
Fighting       | |  0.8
Dodging        | |  1.7
Stealth        | |  1.0
Spellcasting   | |  1.6

Action                   |  1- 3 |  4- 6 || total
-------------------------+-------+-------++-------
Melee: Unarmed           |    75 |     6 ||    81
 Cast: Magic Dart        |    36 |     5 ||    41
Armor: Robe              |    31 |     3 ||    34
Dodge: Dodged            |    34 |     1 ||    35

Table legend: (Time is in decaauts)
 A = Elapsed time spent in this place.
 B = Non-inter-level travel time spent in this place.
 C = Inter-level travel time spent in this place.
 D = Time resting spent in this place.
 E = Time spent auto-exploring this place.
 F = Levels seen in this place.
 G = Mean time per level.
                   A        B        C        D        E       F      G
               +--------+--------+--------+--------+--------+-----+--------+
         Total |   2045 |   1980 |     65 |    131 |   1585 |   3 |  681.7 |
       Dungeon |   2045 |   1980 |     65 |    131 |   1585 |   3 |  681.7 |
               +--------+--------+--------+--------+--------+-----+--------+

Top non-repeatable levels by time:
     D:1: 1024 daAuts
     D:2: 960 daAuts
     D:3: 59 daAuts
